| TOP OF THE 1ST |
|
Johnson City Cardinals batting - Pitching for Bristol Pirates : LHP Alfredo Carranza
|
|
Pitching: LHP Alfredo Carranza
|
|
|
Batting: RHB Nick Latulippe
|
0-0: Ball 1-0: Foul Ball, location: 2F 1-1: Ground out 4-3 (Groundball, 4, EV 102.5 MPH)
|
|
Batting: SHB Justin Houser
|
0-0: Ball 1-0: Ball 2-0: Ball 3-0: Called Strike 3-1: Base on Balls
|
|
Batting: RHB Kyle Burns
|
0-0: Ball 1-0: Ball Wild Pitch! Justin Houser to second 2-0: Ball 3-0: Base on Balls
|
|
Batting: RHB Robby Hickman
|
0-0: Ball 1-0: Hit by Pitch Justin Houser to third Kyle Burns to second
|
|
Batting: RHB McGwire Jones
|
0-0: Ball 1-0: Foul Ball, location: 2F 1-1: Ball 2-1: Grounds into double play, 6-4-3 (Groundball, 6, EV 103.8 MPH)
|
| Top of the 1st over - 0 runs, 0 hits, 0 errors, 2 left on base; Johnson City 0 - Bristol 0 |
| BOTTOM OF THE 1ST |
|
Bristol Pirates batting - Pitching for Johnson City Cardinals : RHP Nick Mistretta
|
|
Pitching: RHP Nick Mistretta
|
|
|
Batting: SHB Don Hauk
|
0-0: Ball 1-0: Called Strike 1-1: Foul Ball, location: 2F 1-2: SINGLE (Groundball, 56D, EV 94.4 MPH)
|
|
Batting: RHB Pete Hutton
|
0-0: Called Strike Don Hauk is caught stealing 2nd base 2-4 0-1: Swinging Strike 0-2: Foul Ball, location: 2F 0-2: Ground out 4-3 (Groundball, 4, EV 103.8 MPH)
|
|
Batting: RHB Randy Bergman
|
0-0: Ball 1-0: Ball 2-0: Ball 3-0: Called Strike 3-1: Base on Balls
|
|
Batting: LHB Randy Boone
|
0-0: Foul Ball, location: 2F 0-1: Ball 1-1: Ball 2-1: Foul Ball, location: 2F 2-2: Foul Ball, location: 2F 2-2: Fly out, F8 (Flyball, 8LD, EV 81.9 MPH)
|
| Bottom of the 1st over - 0 runs, 1 hit, 0 errors, 1 left on base; Johnson City 0 - Bristol 0 |
| TOP OF THE 2ND |
|
Johnson City Cardinals batting - Pitching for Bristol Pirates : LHP Alfredo Carranza
|
|
Batting: RHB Bobby Miles
|
0-0: Swinging Strike 0-1: Ball 1-1: Swinging Strike 1-2: Strikes out swinging
|
|
Batting: SHB Justin Towry
|
0-0: Called Strike 0-1: Ball 1-1: Ball 2-1: SINGLE (Groundball, 56D, EV 101.9 MPH)
|
|
Batting: RHB Alex Melgoza
|
0-0: Foul Ball, location: 2F 0-1: Swinging Strike 0-2: Ball 1-2: Ball 2-2: Foul Ball, location: 2F 2-2: Foul Ball, location: 2F 2-2: SINGLE (Line Drive, 56D, EV 100.0 MPH) Justin Towry to second
|
|
Batting: RHB Edgar Klockow
|
0-0: Ball 1-0: Fly out, F5 (Popup, 56S, EV 76.9 MPH)
|
|
Batting: RHB Nick Latulippe
|
0-0: Called Strike 0-1: Fielders Choice at 2nd, 6-4 (Groundball, 6, EV 100.6 MPH)
|
| Top of the 2nd over - 0 runs, 2 hits, 0 errors, 2 left on base; Johnson City 0 - Bristol 0 |
| BOTTOM OF THE 2ND |
|
Bristol Pirates batting - Pitching for Johnson City Cardinals : RHP Nick Mistretta
|
|
Batting: RHB Alain Marquet
|
0-0: Foul Ball, location: 2F 0-1: Foul Ball, location: 2F 0-2: Ball 1-2: SOLO HOME RUN (Flyball, 89XD, EV 107.5 MPH), Distance : 415 ft
|
|
Batting: SHB Ronnie Brooks
|
0-0: Fly out, F5 (Line Drive, 56, EV 81.9 MPH)
|
|
Batting: RHB Frank Elizondo
|
0-0: Called Strike 0-1: Foul Ball, location: 2F 0-2: Ball 1-2: Ball 2-2: SINGLE (Groundball, 56D, EV 110.6 MPH)
|
|
Batting: RHB Rob Colley
|
0-0: Ball 1-0: Foul Ball, location: 2F 1-1: Ball 2-1: Foul Ball, location: 2F 2-2: Foul Ball, location: 2F 2-2: Strikes out swinging
|
|
Batting: RHB Erik Mulligan
|
0-0: Ball 1-0: SINGLE (Groundball, 4D, EV 96.9 MPH) Frank Elizondo to second Runner from 2nd tries for 3rd, SAFE, throw by RF made to third Erik Mulligan to second
|
|
Batting: SHB Don Hauk
|
0-0: Called Strike 0-1: Ground out 4-3 (Groundball, 4, EV 88.1 MPH)
|
| Bottom of the 2nd over - 1 run, 3 hits, 0 errors, 2 left on base; Johnson City 0 - Bristol 1 |
| TOP OF THE 3RD |
|
Johnson City Cardinals batting - Pitching for Bristol Pirates : LHP Alfredo Carranza
|
|
Batting: SHB Justin Houser
|
0-0: Ball 1-0: Foul Ball, location: 2F 1-1: Swinging Strike 1-2: Ball 2-2: Foul Ball, location: 2F 2-2: Foul Ball, location: 2F 2-2: Foul Ball, location: 2F 2-2: DOUBLE (Line Drive, 78D, EV 108.8 MPH)
|
|
Batting: RHB Kyle Burns
|
0-0: Ball 1-0: Swinging Strike 1-1: Ball 2-1: Ball 3-1: Called Strike 3-2: Strikes out looking
|
|
Batting: RHB Robby Hickman
|
0-0: Ball 1-0: Called Strike 1-1: Ball 2-1: Ball 3-1: Base on Balls
|
|
Batting: RHB McGwire Jones
|
0-0: Ball 1-0: Ball 2-0: Grounds into double play, 5-4-3 (Groundball, 56, EV 88.1 MPH)
|
| Top of the 3rd over - 0 runs, 1 hit, 0 errors, 1 left on base; Johnson City 0 - Bristol 1 |
| BOTTOM OF THE 3RD |
|
Bristol Pirates batting - Pitching for Johnson City Cardinals : RHP Nick Mistretta
|
|
Batting: RHB Pete Hutton
|
0-0: Called Strike 0-1: Swinging Strike 0-2: Ball 1-2: Ground out 4-3 (Groundball, 4D, EV 87.5 MPH)
|
|
Batting: RHB Randy Bergman
|
0-0: Ball 1-0: Fly out, F9 (Flyball, 89D, EV 91.2 MPH)
|
|
Batting: LHB Randy Boone
|
0-0: Called Strike 0-1: Ball 1-1: Ball 2-1: SINGLE (Line Drive, 34D, EV 97.5 MPH)
|
|
Batting: RHB Alain Marquet
|
0-0: Ball 1-0: Ball 2-0: Ball 3-0: Base on Balls Randy Boone to second
|
|
Batting: SHB Ronnie Brooks
|
0-0: Swinging Strike 0-1: Ball 1-1: Fly out, F9 (Line Drive, 89D, EV 98.1 MPH)
|
| Bottom of the 3rd over - 0 runs, 1 hit, 0 errors, 2 left on base; Johnson City 0 - Bristol 1 |
| TOP OF THE 4TH |
|
Johnson City Cardinals batting - Pitching for Bristol Pirates : LHP Alfredo Carranza
|
|
Batting: RHB Bobby Miles
|
0-0: Ball 1-0: DOUBLE (Flyball, 78D, EV 97.5 MPH)
|
|
Batting: SHB Justin Towry
|
0-0: Ball 1-0: Called Strike 1-1: Ball 2-1: 2-RUN HOME RUN (Flyball, 7LD, EV 93.8 MPH), Distance : 357 ft
|
|
Pitching: RHP Onne Stubbe
|
|
|
Batting: RHB Alex Melgoza
|
0-0: Ball 1-0: Called Strike 1-1: SINGLE (Groundball, 56, EV 98.8 MPH)
|
|
Batting: RHB Edgar Klockow
|
0-0: Ball 1-0: Swinging Strike 1-1: Called Strike 1-2: Strikes out swinging
|
|
Batting: RHB Nick Latulippe
|
0-0: Ball 1-0: Ball 2-0: Ball 3-0: Base on Balls Alex Melgoza to second
|
|
Batting: SHB Justin Houser
|
0-0: Ball 1-0: Swinging Strike 1-1: Foul Ball, location: 2F 1-2: Ball 2-2: Ball 3-2: Foul Ball, location: 2F 3-2: Foul Ball, location: 2F 3-2: Base on Balls Alex Melgoza to third Nick Latulippe to second
|
|
Batting: RHB Kyle Burns
|
0-0: Ball 1-0: Ball 2-0: Ball 3-0: Called Strike 3-1: Grounds into double play, 6-4-3 (Groundball, 6S, EV 80.6 MPH)
|
| Top of the 4th over - 2 runs, 3 hits, 0 errors, 2 left on base; Johnson City 2 - Bristol 1 |
| BOTTOM OF THE 4TH |
|
Bristol Pirates batting - Pitching for Johnson City Cardinals : RHP Nick Mistretta
|
|
Batting: RHB Frank Elizondo
|
0-0: Foul Ball, location: 2F 0-1: Called Strike 0-2: Strikes out swinging
|
|
Batting: RHB Rob Colley
|
0-0: Ball 1-0: Ball 2-0: Ball 3-0: Base on Balls
|
|
Batting: RHB Erik Mulligan
|
0-0: Ground out 4-3 (Groundball, 34S, EV 90.6 MPH) Rob Colley to second
|
|
Batting: SHB Don Hauk
|
0-0: Ball 1-0: Foul Ball, location: 2F 1-1: Foul Ball, location: 2F 1-2: Ground out 4-3 (Groundball, 4, EV 80.0 MPH)
|
| Bottom of the 4th over - 0 runs, 0 hits, 0 errors, 1 left on base; Johnson City 2 - Bristol 1 |
| TOP OF THE 5TH |
|
Johnson City Cardinals batting - Pitching for Bristol Pirates : RHP Onne Stubbe
|
|
Batting: RHB Robby Hickman
|
0-0: Foul Ball, location: 2F 0-1: Ball 1-1: Ball 2-1: Called Strike 2-2: Ball 3-2: Base on Balls
|
|
Batting: RHB McGwire Jones
|
0-0: Hit by Pitch Robby Hickman to second
|
|
Batting: RHB Bobby Miles
|
0-0: Called Strike 0-1: Swinging Strike 0-2: Ball 1-2: Foul Ball, location: 2F 1-2: Ball 2-2: Strikes out swinging
|
|
Batting: SHB Justin Towry
|
0-0: Ball 1-0: Called Strike 1-1: Ball 2-1: 3-RUN HOME RUN (Flyball, 89XD, EV 102.5 MPH), Distance : 407 ft
|
|
Batting: RHB Alex Melgoza
|
0-0: Ball 1-0: Called Strike 1-1: Ball 2-1: Ball 3-1: Fly out, F8 (Flyball, 78M, EV 93.8 MPH)
|
|
Batting: RHB Edgar Klockow
|
0-0: DOUBLE (Line Drive, 78D, EV 102.5 MPH)
|
|
Batting: RHB Nick Latulippe
|
0-0: Foul Ball, location: 2F 0-1: Hit by Pitch
|
|
Batting: SHB Justin Houser
|
0-0: Called Strike 0-1: Foul Ball, location: 2F 0-2: 3-RUN HOME RUN (Flyball, 89XD, EV 98.8 MPH), Distance : 378 ft
|
|
Batting: RHB Kyle Burns
|
0-0: DOUBLE (Line Drive, 89D, EV 105.6 MPH)
|
|
Batting: RHB Robby Hickman
|
0-0: Called Strike 0-1: Foul Ball, location: 2F 0-2: Ball 1-2: Foul Ball, location: 2F 1-2: Ball 2-2: Ball 3-2: Foul Ball, location: 2F 3-2: Strikes out looking
|
| Top of the 5th over - 6 runs, 4 hits, 0 errors, 1 left on base; Johnson City 8 - Bristol 1 |
| BOTTOM OF THE 5TH |
|
Bristol Pirates batting - Pitching for Johnson City Cardinals : RHP Nick Mistretta
|
|
Batting: RHB Pete Hutton
|
0-0: Ball 1-0: SINGLE (Groundball, 34D, EV 102.5 MPH) (infield hit)
|
|
Batting: RHB Randy Bergman
|
0-0: Called Strike Pete Hutton steals 2nd base (no throw) 0-1: Ball 1-1: 2-RUN HOME RUN (Flyball, 7D, EV 105.6 MPH), Distance : 394 ft
|
|
Batting: LHB Randy Boone
|
0-0: Ball 1-0: Fly out, F8 (Flyball, 8RD, EV 98.8 MPH)
|
|
Batting: RHB Alain Marquet
|
0-0: Ball 1-0: Ball 2-0: Called Strike 2-1: Swinging Strike 2-2: Strikes out looking
|
|
Batting: SHB Ronnie Brooks
|
0-0: Ground out 6-3 (Groundball, 6, EV 84.4 MPH)
|
| Bottom of the 5th over - 2 runs, 2 hits, 0 errors, 0 left on base; Johnson City 8 - Bristol 3 |
| TOP OF THE 6TH |
|
Johnson City Cardinals batting - Pitching for Bristol Pirates : RHP Onne Stubbe
|
|
Pitching: LHP Adam Clarke
|
|
|
Batting: RHB McGwire Jones
|
0-0: Ball 1-0: Foul Ball, location: 2F 1-1: Called Strike 1-2: SINGLE (Groundball, 6MD, EV 99.4 MPH)
|
|
Batting: RHB Bobby Miles
|
0-0: Ball 1-0: Called Strike McGwire Jones steals 2nd, throwing error, E2 McGwire Jones to third 1-1: Ball 2-1: Ground out 6-3 (Groundball, 6, EV 81.2 MPH) McGwire Jones scores
|
|
Batting: SHB Justin Towry
|
0-0: Ball 1-0: Fly out, F7 (Line Drive, 78M, EV 96.2 MPH)
|
|
Batting: RHB Alex Melgoza
|
0-0: Ball 1-0: Foul Ball, location: 2F 1-1: Foul Ball, location: 2F 1-2: Foul Ball, location: 2F 1-2: Ball 2-2: Ground out 6-3 (Groundball, 6, EV 110.6 MPH)
|
| Top of the 6th over - 1 run, 1 hit, 1 error, 0 left on base; Johnson City 9 - Bristol 3 |
| BOTTOM OF THE 6TH |
|
Bristol Pirates batting - Pitching for Johnson City Cardinals : RHP Nick Mistretta
|
|
Batting: RHB Frank Elizondo
|
0-0: Ball 1-0: Ball 2-0: Ball 3-0: Base on Balls
|
|
Batting: RHB Rob Colley
|
0-0: Ball 1-0: Ball 2-0: Ball 3-0: Called Strike 3-1: Fly out, F8 (Flyball, 8LM, EV 83.1 MPH)
|
|
Batting: RHB Erik Mulligan
|
0-0: Ball 1-0: Ball 2-0: Ball 3-0: Base on Balls Frank Elizondo to second
|
|
Batting: SHB Don Hauk
|
0-0: Ball 1-0: Ball 2-0: Called Strike 2-1: Ball 3-1: Foul Ball, location: 2F 3-2: Base on Balls Frank Elizondo to third Erik Mulligan to second
|
|
Pitching: RHP Jung-joon Chon
|
|
|
Batting: RHB Pete Hutton
|
0-0: Foul Ball, location: 2F 0-1: Swinging Strike 0-2: Ball 1-2: Strikes out swinging
|
|
Batting: RHB Randy Bergman
|
0-0: Ball 1-0: Ball 2-0: Foul Ball, location: 2F 2-1: Fly out, F1 (Line Drive, P, EV 66.2 MPH)
|
| Bottom of the 6th over - 0 runs, 0 hits, 0 errors, 3 left on base; Johnson City 9 - Bristol 3 |
| TOP OF THE 7TH |
|
Johnson City Cardinals batting - Pitching for Bristol Pirates : LHP Adam Clarke
|
|
Batting: RHB Edgar Klockow
|
0-0: SINGLE (Flyball, 8LS, EV 85.0 MPH)
|
|
Batting: RHB Nick Latulippe
|
0-0: Called Strike 0-1: Ball 1-1: Ball 2-1: SINGLE (Groundball, 34, EV 105.6 MPH) Edgar Klockow to second Runner from 2nd tries for 3rd, SAFE, throw by RF made to third Nick Latulippe to second
|
|
Batting: SHB Justin Houser
|
0-0: Called Strike 0-1: Called Strike 0-2: Ball 1-2: Strikes out looking
|
|
Batting: RHB Kyle Burns
|
0-0: Ball 1-0: Foul Ball, location: 2F 1-1: Foul Ball, location: 2F 1-2: Ball 2-2: Ball 3-2: Base on Balls
|
|
Batting: RHB Robby Hickman
|
0-0: Swinging Strike 0-1: Ball 1-1: Ball 2-1: Foul Ball, location: 2F 2-2: GRAND SLAM HOME RUN (Flyball, 78XD, EV 110.0 MPH), Distance : 409 ft
|
|
Pitching: RHP Randy Nelligan
|
|
|
Batting: RHB McGwire Jones
|
0-0: Ball 1-0: Called Strike 1-1: Called Strike 1-2: Ball 2-2: Strikes out swinging
|
|
Batting: RHB Bobby Miles
|
0-0: Called Strike 0-1: Ball 1-1: Swinging Strike 1-2: Strikes out swinging
|
| Top of the 7th over - 4 runs, 3 hits, 0 errors, 0 left on base; Johnson City 13 - Bristol 3 |
| BOTTOM OF THE 7TH |
|
Bristol Pirates batting - Pitching for Johnson City Cardinals : RHP Jung-joon Chon
|
|
Batting: LHB Randy Boone
|
0-0: Ball 1-0: Swinging Strike 1-1: Ball 2-1: Foul Ball, location: 2F 2-2: Foul Ball, location: 2F 2-2: Foul Ball, location: 2F 2-2: Strikes out swinging
|
|
Batting: RHB Alain Marquet
|
0-0: Foul Ball, location: 2F 0-1: SINGLE (Groundball, 6, EV 103.1 MPH)
|
|
Batting: SHB Ronnie Brooks
|
0-0: Ball Alain Marquet steals 2nd base (no throw) 1-0: Ball 2-0: Foul Ball, location: 2F 2-1: Ball 3-1: Foul Ball, location: 2F 3-2: Strikes out swinging
|
|
Batting: RHB Frank Elizondo
|
0-0: Ball 1-0: Ball 2-0: Called Strike 2-1: Foul Ball, location: 2F 2-2: Foul Ball, location: 2F 2-2: Ground out 4-3 (Groundball, 4, EV 112.5 MPH)
|
| Bottom of the 7th over - 0 runs, 1 hit, 0 errors, 1 left on base; Johnson City 13 - Bristol 3 |
| TOP OF THE 8TH |
|
Johnson City Cardinals batting - Pitching for Bristol Pirates : RHP Randy Nelligan
|
|
Batting: SHB Justin Towry
|
0-0: Swinging Strike 0-1: Ball 1-1: Swinging Strike 1-2: Strikes out swinging
|
|
Batting: RHB Alex Melgoza
|
0-0: Ball 1-0: Foul Ball, location: 2F 1-1: Called Strike 1-2: Ball 2-2: Foul Ball, location: 2F 2-2: Strikes out swinging
|
|
Batting: RHB Edgar Klockow
|
0-0: Hit by Pitch
|
|
Batting: RHB Nick Latulippe
|
0-0: Ball 1-0: Called Strike 1-1: DOUBLE (Line Drive, 9LM, EV 87.5 MPH) Edgar Klockow to third
|
|
Batting: SHB Justin Houser
|
0-0: Ball 1-0: Swinging Strike 1-1: Foul Ball, location: 2F 1-2: Strikes out looking
|
| Top of the 8th over - 0 runs, 1 hit, 0 errors, 2 left on base; Johnson City 13 - Bristol 3 |
| BOTTOM OF THE 8TH |
|
Bristol Pirates batting - Pitching for Johnson City Cardinals : RHP Jung-joon Chon
|
|
Pitching: RHP Mark Rivera
|
|
|
Batting: RHB Rob Colley
|
0-0: Ball 1-0: Ball 2-0: Called Strike 2-1: Fly out, F5 (Popup, 5SF, EV 73.8 MPH)
|
|
Batting: RHB Erik Mulligan
|
0-0: Foul Ball, location: 2F 0-1: Ball 1-1: Ball 2-1: Ball 3-1: Hit by Pitch
|
|
Batting: SHB Don Hauk
|
0-0: Foul Ball, location: 2F 0-1: Called Strike 0-2: Foul Ball, location: 2F 0-2: Foul Ball, location: 2F 0-2: Foul Ball, location: 2F 0-2: SINGLE (Groundball, 34S, EV 70.0 MPH) (infield hit) Erik Mulligan to second
|
|
Batting: RHB Pete Hutton
|
0-0: Ball 1-0: Ball 2-0: Swinging Strike 2-1: Called Strike 2-2: Fly out, F9 (Line Drive, 9, EV 85.0 MPH)
|
|
Batting: RHB Randy Bergman
|
0-0: Ball 1-0: Called Strike 1-1: Called Strike 1-2: Ball 2-2: Ball 3-2: Base on Balls Erik Mulligan to third Don Hauk to second
|
|
Pitching: LHP Heriberto Flores
|
|
|
Batting: LHB Randy Boone
|
0-0: Ball 1-0: Ball 2-0: Swinging Strike 2-1: Foul Ball, location: 2F 2-2: Ball 3-2: Base on Balls Erik Mulligan scores Don Hauk to third Randy Bergman to second
|
|
Batting: RHB Alain Marquet
|
0-0: Called Strike 0-1: Ball 1-1: Fly out, F9 (Flyball, 9, EV 96.2 MPH)
|
| Bottom of the 8th over - 1 run, 1 hit, 0 errors, 3 left on base; Johnson City 13 - Bristol 4 |
| TOP OF THE 9TH |
|
Johnson City Cardinals batting - Pitching for Bristol Pirates : RHP Randy Nelligan
|
|
Pinch Hitting: RHB Geoff Musico
|
0-0: Ball 1-0: Ball 2-0: Swinging Strike 2-1: Foul Ball, location: 2F 2-2: Ball 3-2: Foul Ball, location: 2F 3-2: Base on Balls
|
|
Batting: RHB Robby Hickman
|
0-0: Ball 1-0: Swinging Strike 1-1: Called Strike 1-2: Ball 2-2: Strikes out swinging
|
|
Batting: RHB McGwire Jones
|
0-0: Fly out, F7 (Line Drive, 7LM, EV 103.1 MPH)
|
|
Batting: RHB Bobby Miles
|
0-0: Ball 1-0: Ball 2-0: Ball 3-0: Base on Balls Geoff Musico to second
|
|
Batting: SHB Justin Towry
|
0-0: Ball 1-0: Ball 2-0: Ball 3-0: Base on Balls Geoff Musico to third Bobby Miles to second
|
|
Batting: RHB Alex Melgoza
|
0-0: Foul Ball, location: 2F 0-1: Ball 1-1: Ball 2-1: Ball 3-1: Base on Balls Geoff Musico scores Bobby Miles to third Justin Towry to second
|
|
Pitching: RHP Andrew DeRicco
|
|
|
Batting: RHB Edgar Klockow
|
0-0: Ball 1-0: Ball 2-0: Fielders Choice at 2nd, 5-4 (Groundball, 56, EV 82.5 MPH)
|
| Top of the 9th over - 1 run, 0 hits, 0 errors, 3 left on base; Johnson City 14 - Bristol 4 |
| BOTTOM OF THE 9TH |
|
Bristol Pirates batting - Pitching for Johnson City Cardinals : LHP Heriberto Flores
|
|
Now at 1B: Adam Hudson
|
|
|
Batting: SHB Ronnie Brooks
|
0-0: Ball 1-0: Ground out 3-1 (Groundball, 34, EV 90.6 MPH)
|
|
Batting: RHB Frank Elizondo
|
0-0: Called Strike 0-1: Ball 1-1: Ball 2-1: Ball 3-1: Base on Balls
|
|
Batting: RHB Rob Colley
|
0-0: Swinging Strike 0-1: Fielders Choice at 2nd, 3-6 (Groundball, 3, EV 81.2 MPH)
|
|
Batting: RHB Erik Mulligan
|
0-0: Foul Ball, location: 2F 0-1: Swinging Strike 0-2: Strikes out looking
|
| Bottom of the 9th over - 0 runs, 0 hits, 0 errors, 1 left on base; Johnson City 14 - Bristol 4 |
|